 Dungeon Crawl Stone Soup version 0.29-a0-275-g389c0b56f3 (webtiles) character file.

Game seed: 260619293673041636

249 spaghetti the Fighter (level 6, -1/72 HPs)
             Began as an Ogre Monk on Mar 12, 2022.
             Was a Believer of Sif Muna.
             Slain by Ijyb
             ... wielding a +5 club
              (8 damage)
             ... on level 4 of the Dungeon.
             The game lasted 00:07:25 (4032 turns).

spaghetti the Fighter (Ogre Monk)                   Turns: 4032, Time: 00:07:26

Health: -1/72      AC:  3    Str: 18    XL:     6   Next: 12%
Magic:  6/6        EV: 10    Int: 11    God:    Sif Muna [**....]
Gold:   134        SH:  0    Dex: 11    Spells: 1/5 levels left

rFire   . . .      SeeInvis .   a - +0 hand axe {axe}
rCold   . . .      Faith    .   (no shield)
rNeg    . . .      Spirit   .   b - +0 robe
rPois   .          Reflect  .   (helmet restricted)
rElec   .          Harm     .   (no cloak)
rCorr   .          Rampage  .   (gloves unavailable)
Will    .....                   (boots unavailable)
Stlth   ++........              (no amulet)
HPRegen 1.02/turn               (no ring)
MPRegen 0.10/turn               (no ring)

@: attractive
A: large, unfitting armour, tough skin 1, regeneration 1, subdued magic 1
a: Renounce Religion, Channel Magic


You were on level 4 of the Dungeon.
You worshipped Sif Muna.
Sif Muna was pleased with you.
You visited 1 branch of the dungeon, and saw 4 of its levels.

You collected 134 gold pieces.


Innate Abilities, Weirdness & Mutations

You are too large for most types of armour.
You have tough skin. (AC +1)
Your natural rate of healing is unusually fast.
Your spells are a little easier to cast, but a little less powerful.


   Skills:
 - Level 8.2 Fighting
 - Level 3.0 Axes
 - Level 2.6 Dodging
 - Level 1.4 Stealth
 + Level 1.9 Air Magic


You had one spell level left.
You knew the following spells:

 Your Spells              Type           Power      Damage    Failure   Level
a - Airstrike             Air            1%         N/A       83%         4

Your spell library contained the following spells:

 Spells                   Type           Power      Damage    Failure   Level
 Shock                    Conj/Air       4%         1d3       21%         1
 Swiftness                Air            3%         N/A       41%         3
 Gell's Gravitas          Tloc           0%         N/A       67%         3
 Lesser Beckoning         Tloc           0%         N/A       67%         3
 Teleport Other           Tloc           0%         N/A       67%         3

Inventory:

Hand Weapons
 a - a +0 hand axe (weapon) {axe}
Missiles
 f - 75 stones (quivered) {throwing}
 h - 3 javelins {throwing}
Armour
 b - a +0 robe (worn)
Magical Staves
 d - a staff of poison {!astaff}
   (You found it on level 1 of the Dungeon)
 l - a staff of air {!astaff}
   (You found it on level 1 of the Dungeon)
 n - a staff of fire {!astaff}
   (You found it on level 3 of the Dungeon)
Jewellery
 m - an amulet of guardian spirit
   (You found it on level 2 of the Dungeon)
Scrolls
 i - a scroll of amnesia {unknown}
Potions
 c - a potion of mutation {!q}
 g - a potion of degeneration {!q@e2}

Dungeon Overview and Level Annotations

Branches:
Dungeon (4/15)             Temple (0/1) D:4

Altars:
Sif Muna

Annotations:
D:4 Ijyb

... ##.##.##.. ......# #.
..##.. . ......# .##...##..
.. ....[. [.##....#... ..
....# #.# ##...##.. #. #..##
##..# #........
#..#...###...##.........
##......#..#.. .........
##...((g@...#.# #.......
#..##(#####...# #...<.
#..#...# #...#######....
#...g..# ##....#.####...
#...(..####......##.....
###...(...#.....##.###.##.
.#...$.ยง.........#.........
.......(......#####.....#.#
.#...(.........# #...##.#..


You could see Ijyb.


Message History

No target in view!
No target in view!
No target in view!
f - 80 stones {throwing} (gained 1)
j - a dark potion ๐Ÿ˜Ž HP[+1]
Your hp is fully restored (72).
f - 81 stones {throwing} (gained 1) Ijyb the Twisted Goblin comes into view.
She is wielding a +5 club and carrying a wand of flame (25).
You see here a stone {throwing}.
You throw a stone {throwing}.
The stone {throwing} hits Ijyb but does no damage.
Ijyb shouts!
You throw a stone {throwing}.
The stone {throwing} hits Ijyb but does no damage.
You throw a stone {throwing}.
The stone {throwing} closely misses Ijyb.
You throw a stone {throwing}.
The stone {throwing} hits Ijyb but does no damage.
You throw a stone {throwing}.
The stone {throwing} hits Ijyb but does no damage.
You throw a stone {throwing}.
The stone {throwing} hits Ijyb but does no damage.
You hit Ijyb. Ijyb hits you with a +5 club! Ijyb hits you with a +5 club.
You completely miss Ijyb.
Ijyb hits you with a +5 club! ๐Ÿ˜ฎ HP[-20]
You take 20 damage, and now have 52/72 hp.
MASSIVE DAMAGE!! (PAUSE)
You hit Ijyb but do no damage.
Ijyb hits you with a +5 club! ๐Ÿ˜ฎ HP[-6]
You take 6 damage, and now have 46/72 hp.
You barely miss Ijyb. Ijyb barely misses you. ๐Ÿ˜ฎ HP[+1]
You closely miss Ijyb. Ijyb closely misses you. ๐Ÿ˜ฎ HP[+2]
You regained 2 hp, and now have 49/72 hp.
You hit Ijyb.
Ijyb hits you with a +5 club. x2 ๐Ÿ˜ฎ HP[-10]
You take 10 damage, and now have 39/72 hp.
You hit Ijyb but do no damage. Ijyb hits you with a +5 club!
* * * LOW HITPOINT WARNING * * *
๐Ÿ˜จ HP[-8]
You take 8 damage, and now have 31/72 hp.
You barely miss Ijyb. Ijyb barely misses you. ๐Ÿ˜จ HP[+1]
You barely miss Ijyb. Ijyb hits you with a +5 club.
* * * LOW HITPOINT WARNING * * *
๐Ÿ˜จ HP[-2]
You take 2 damage, and now have 30/72 hp.
Unknown command.
You hit Ijyb but do no damage.
Ijyb hits you but does no damage. ๐Ÿ˜จ HP[+1] Unknown command.
You hit Ijyb but do no damage.
Ijyb zaps a wand.
The puff of flame hits you!
* * * LOW HITPOINT WARNING * * *
๐Ÿ˜จ HP[-10]
You take 10 damage, and now have 21/72 hp.
You hit Ijyb.
Ijyb zaps a wand.
The puff of flame hits you.
* * * LOW HITPOINT WARNING * * *
๐Ÿ˜ฑ HP[-3]
You take 3 damage, and now have 18/72 hp.
It was a potion of attraction.
You feel attractive to monsters. Ijyb hits you with a +5 club.
* * * LOW HITPOINT WARNING * * *
๐Ÿ˜ฑ HP[-3]
You take 3 damage, and now have 15/72 hp.
Unknown command.
Really read
e - a scroll of blinking {!r}?
Blink to where?
Press: ? - help, Dir - move target, p - Ijyb
As you read the scroll of blinking {!r}, it crumbles to dust.
Ijyb zaps a wand.
The puff of flame hits you.
* * * LOW HITPOINT WARNING * * *
Ijyb is attracted toward you. ๐Ÿ˜ฑ HP[-4]
You take 4 damage, and now have 11/72 hp. ๐Ÿ˜ฑ HP[+1] Ijyb is attracted toward you.
You see here a book of the Hunter. ๐Ÿ˜ฑ HP[+1]
Press: ? - help, v - describe, . - travel, g - get item Item here: a book of the Hunter.
The floor.
Okay, then.
You barely miss Ijyb. Ijyb barely misses you.
Ijyb zaps a wand.
The puff of flame hits you!
* * * LOW HITPOINT WARNING * * *
๐Ÿ˜ฑ HP[-8]
You take 8 damage, and now have 5/72 hp.
You barely miss Ijyb. Ijyb barely misses you. ๐Ÿ˜ฑ HP[+1]
You closely miss Ijyb. Ijyb hits you with a +5 club!
You die...

Skill      XL: |  1  2  3  4  5 |
---------------+----------------+-----
Fighting       | 5 6 7 8 |  8.2
Air Magic      | 1 |  1.9
Axes           | |  3.0
Dodging        | |  2.6
Stealth        | |  1.4

Action                   |  1- 3 |  4- 6 || total
-------------------------+-------+-------++-------
Melee: Hand axe          |    92 |   201 ||   293
       Punch             |     3 |     3 ||     6
       Staff             |       |     4 ||     4
Throw: Stone             |     5 |    83 ||    88
  Use: Scroll            |     3 |     4 ||     7
       Potion            |       |     7 ||     7
 Stab: Sleeping          |     2 |       ||     2
Armor: Robe              |    41 |    53 ||    94
Dodge: Dodged            |    46 |   116 ||   162

Levels and vault maps discovered:
D:1:      arrival_zaba_pyramid, layout_basic, minmay_box_of_dots
D:2:      layout_rooms, hellmonk_ecumenical_altar_arch_garden
D:3:      kennysheep_big_flooded_room, layout_rooms,
          nicolae_sif_muna_condensation, serial_glass, glass_columns_c,
          glass_columns_a, glass_columns_a, glass_columns_b, glass_columns_a,
          glass_columns_a
D:4:      layout_cave_pools, minmay_temple_entry_arrows, serial_shops,
          nicolae_shop_behind_doors, uniq_ijyb

Notes
Turn   | Place    | Note
-------+----------+-------------------------------------------
     0 | D:1      | spaghetti the Ogre Monk began the quest for the Orb.
     0 | D:1      | Reached XP level 1. HP: 24/24 MP: 1/1
     0 | D:1      | magus.rc [v1.9.6]
   229 | D:1      | Reached XP level 2. HP: 21/33 MP: 2/2
   431 | D:1      | You pick up a book of Displacement and begin reading...
   431 | D:1      | You add the spells Lesser Beckoning, Gell's Gravitas and
                  | Teleport Other to your library.
   440 | D:1      | Reached skill level 5 in Fighting
   888 | D:1      | Reached XP level 3. HP: 12/44 MP: 3/3
  1336 | D:1      | Reached skill level 6 in Fighting
  1798 | D:2      | Reached XP level 4. HP: 53/53 MP: 4/4
  1917 | D:2      | Found a faded altar of an unknown god.
  2052 | D:2      | You pick up a book of Air and begin reading...
  2052 | D:2      | You add the spells Shock, Swiftness and Airstrike to your
                  | library.
  2406 | D:3      | Noticed a bullfrog
  2418 | D:3      | HP: 13/53 [poisoned by an adder]
  2420 | D:3      | Reached skill level 7 in Fighting
  2424 | D:3      | HP: 11/55 [poisoned by an adder]
  2720 | D:3      | Killed a bullfrog
  2721 | D:3      | Reached XP level 5. HP: 37/63 MP: 5/5
  3079 | D:3      | Reached skill level 8 in Fighting
  3087 | D:3      | HP: 15/63 [something (3)]
  3434 | D:3      | Found a shimmering blue altar of Sif Muna.
  3465 | D:3      | Became a worshipper of Sif Muna the Loreminder
  3465 | D:3      | Reached * piety under Sif Muna
  3465 | D:3      | Reached ** piety under Sif Muna
  3715 | D:3      | Gained mutation: Your natural rate of healing is unusually
                  | fast. [potion of mutation]
  3715 | D:3      | Gained mutation: Your spells are a little easier to cast,
                  | but a little less powerful. [potion of mutation]
  3729 | D:3      | Reached skill level 1 in Air Magic
  3806 | D:3      | Learned a level 4 spell: Airstrike
  3842 | D:4      | Found a staircase to the Ecumenical Temple.
  3866 | D:4      | Reached XP level 6. HP: 30/72 MP: 6/6
  4007 | D:4      | Noticed Ijyb
  4025 | D:4      | HP: 18/72 [Ijyb/puff of flame (4)]
  4030 | D:4      | HP: 5/72 [Ijyb/puff of flame (9)]
  4032 | D:4      | Slain by Ijyb

Vanquished Creatures
  A bullfrog (D:3)
  An iguana (D:4)
  An orc wizard (D:3)
  A gnoll (D:1)
  4 adders
  A worm (D:3)
  A dart slug (D:4)
  4 orcs (D:3)
  10 ball pythons
  9 bats
  4 endoplasms
  A giant cockroach (D:1)
  5 goblins
  8 hobgoblins
  7 jackals
  10 kobolds
  2 quokkas (D:3)
  3 frilled lizards (D:1)
  4 rats (D:1)
77 creatures vanquished.

Table legend:
 A = Non-vault XP
 B = Vault XP
 C = Vault XP percentage of total XP
 D = Non-vault monster count
 E = Vault monster count
 F = Vault count percentage of total count
                 A         B        C        D         E       F
            +---------+---------+-------+---------+---------+-------
      Total |     260 |      97 |  27.2 |      73 |       4 |   5.2
            +---------+---------+-------+---------+---------+-------
        D:1 |      65 |       3 |   4.4 |      34 |       2 |   5.6
        D:2 |      28 |       0 |   0.0 |      10 |       0 |   0.0
        D:3 |     117 |      94 |  44.5 |      23 |       2 |   8.0
        D:4 |      50 |       0 |   0.0 |       6 |       0 |   0.0
            +---------+---------+-------+---------+---------+-------

Illustrated notes

Table legend:
 A = Kills in this place as a percentage of kills in entire the game.
 B = Kills by you in this place as a percentage of kills by you in the entire game.
 C = Kills by friends in this place as a percentage of kills by friends in the entire game.
 D = Other kills in this place as a percentage of other kills in the entire game.
 E = Experience gained in this place as a percentage of experience gained in the entire game.
 F = Experience gained in this place divided by the number of levels of this place that you have seen.
                   A       B       C       D       E      F
               +-------+-------+-------+-------+-------+----------------------
         Total | 100.0 | 100.0 |   N/A |   N/A | 100.0 |  89.2
       Dungeon | 100.0 | 100.0 |   N/A |   N/A | 100.0 |  89.2
               +-------+-------+-------+-------+-------+----------------------

Table legend: (Time is in decaauts)
 A = Elapsed time spent in this place.
 B = Non-inter-level travel time spent in this place.
 C = Inter-level travel time spent in this place.
 D = Time resting spent in this place.
 E = Time spent auto-exploring this place.
 F = Levels seen in this place.
 G = Mean time per level.
                   A        B        C        D        E       F      G
               +--------+--------+--------+--------+--------+-----+--------+
         Total |   4081 |   3967 |    114 |   1097 |   2142 |   4 | 1020.2 |
       Dungeon |   4081 |   3967 |    114 |   1097 |   2142 |   4 | 1020.2 |
               +--------+--------+--------+--------+--------+-----+--------+

Top non-repeatable levels by time:
     D:3: 1733 daAuts
     D:1: 1632 daAuts
     D:2: 540 daAuts
     D:4: 175 daAuts
